 Dungeon Crawl Stone Soup version 0.20.0-1-g1cb1d84 (webtiles) character file.

56 HungrySpirit the Covered (level 3, 0/46 HPs)
             Began as a Minotaur Wanderer on May 26, 2017.
             Succumbed to an adder's poison
             ... on level 2 of the Dungeon.
             The game lasted 00:02:00 (1193 turns).

HungrySpirit the Covered (Minotaur Wanderer)        Turns: 1193, Time: 00:02:01

Health: 0/46       AC: 21    Str: 18    XL:     3   Next: 71%
Magic:  3/3        EV:  2    Int:  9    God:
Gold:   42         SH:  0    Dex: 13    Spells: 4/4 levels left

rFire    . . .     SeeInvis .   a - +2 dagger
rCold    . . .     Gourm    .   (no shield)
rNeg     + + +     Faith    .   (armour currently unavailable)
rPois    +         Spirit   .   (helmet currently unavailable)
rElec    .         Reflect  .   (cloak currently unavailable)
rCorr    .         Harm     .   (gloves currently unavailable)
MR       .....     NoTele   +   (boots currently unavailable)
Stlth    +++.......             (no amulet)
Regen    0.2/turn               (no ring)
MPRegen  0.1/turn               (no ring)

@: agile, lethally poisoned (0 -> -3), tree-form, berserk cooldown, slowed, very
slow
A: (retaliatory headbutt)
a: no special abilities


You were on level 2 of the Dungeon.
You were not hungry.
You were a tree.
You visited 1 branch of the dungeon, and saw 2 of its levels.

You collected 42 gold pieces.

Inventory:

Hand Weapons
 a - a +2 dagger (weapon)
 o - a +0 club
Armour
 r - a +0 leather armour (melded)
Scrolls
 j - a scroll of amnesia {unknown}
 k - 2 scrolls of teleportation {unknown}
 l - a scroll of remove curse {unknown}
 m - a scroll of identify {unknown}
 n - a scroll of random uselessness {unknown}
 p - a scroll of immolation {unknown}
Potions
 g - a potion of lignification
Books
 c - Ysuerexon's Guide on the Entourage

   Spells                             Type                      Level
   a - Summon Butterflies             Summoning                    1
   b - Summon Guardian Golem          Hexes/Summoning              3
 d - the Handbook of Arcane Weapons

   Spells                             Type                      Level
   a - Throw Frost                    Conjuration/Ice              2
   b - Searing Ray                    Conjuration                  2
Comestibles
 f - a bread ration
 h - a meat ration


   Skills:
 + Level 3.0 Fighting
 * Level 2.1 Maces & Flails
   Level 2.1 Crossbows
 - Level 3.2 Armour
 - Level 1.0 Stealth
   Level 1.2 Shields
 - Level 1.0 Spellcasting
   Level 1.0 Hexes
   Level 1.0 Translocations


You had 4 spell levels left.
You didn't know any spells.

Dungeon Overview and Level Annotations

Branches:
Dungeon (2/15)

Altars:


Innate Abilities, Weirdness & Mutations

((You reflexively headbutt those who attack you in melee.))
((You have a pair of horns on your head.))


Message History

It was a potion of magic.
Magic courses through your body.
* * * LOW HITPOINT WARNING * * *
You feel sick.
A red film seems to cover your vision as you go berserk!
You feel yourself moving faster!
You feel mighty!
* * * LOW HITPOINT WARNING * * *
You feel sick.
You feel a strong urge to attack something.
You feel your anger subside.
You are no longer berserk.
You pass out from exhaustion.
You feel yourself slow down.
* * * LOW HITPOINT WARNING * * *
You feel sick.
* * * LOW HITPOINT WARNING * * *
You feel sick.
You can move again.
* * * LOW HITPOINT WARNING * * *
You feel sick.
Unknown command.
You die...

#+ ###### ####.# #....#
..... #....#
#..##########....#
#..♣.......[.....#
#.############..#### .
#............†......
#.#.###.########.###..####
........##.##............#
#.##.##.##.##.#####.###.##
...............†# #.# #.#
###.##.#...#.##.#.# #.#
#.# #<#.##.#.#.#.##.#.#
#.# #.#####


There were no monsters in sight!

Vanquished Creatures
  An adder (D:2)
  2 oozes (D:1)
  A leopard gecko (D:1)
  2 giant cockroaches
  2 goblins
  5 hobgoblins (D:1)
  5 jackals (D:1)
  6 bats
  2 frilled lizards (D:1)
  4 kobolds (D:1)
  4 rats
34 creatures vanquished.

Notes
Turn   | Place    | Note
-------+----------+-------------------------------------------
     0 | D:1      | HungrySpirit the Minotaur Wanderer began the quest for the Orb.
     0 | D:1      | HungrySpirit set off with: a +2 dagger, a potion of berserk rage, Ysuerexon's Guide on the Entourage, the Handbook of Arcane Weapons, a +0 robe, a bread ration
     0 | D:1      | Reached XP level 1. HP: 16/16 MP: 1/1
   175 | D:1      | Reached XP level 2. HP: 24/24 MP: 2/2
   561 | D:1      | Reached XP level 3. HP: 20/30 MP: 3/3
   775 | D:1      | Reached skill level 1 in Maces & Flails
  1188 | D:2      | HP: 2/46 [poisoned by an adder]
  1193 | D:2      | Succumbed to an adder's poison

Skill      XL: |  1  2  3 |
---------------+----------+-----
Fighting       | 2 3 |  3.0
Armour         | 3 |  3.2
Maces & Flails | 2 |  2.1
Crossbows      | |  2.1
Stealth        | |  1.0
Shields        | |  1.2
Spellcasting   | |  1.0
Hexes          | |  1.0
Translocations | |  1.0

Action                   || total
-------------------------++-------
Melee: Dagger            ||    86
       Headbutt          ||     9
  Use: Potion            ||     4
 Stab: Sleeping          ||     1
  Eat: Chunk             ||     1
Armor: Robe              ||    22
       Leather armour    ||     5
Dodge: Dodged            ||    45
